 Dungeon Crawl Stone Soup version 0.26-a0-597-gb535b0901c (webtiles) character file.

Game seed: 16410973907293216446

71 Borgoz the Ruffian (level 4, -4/38 HPs)
             Began as a Ghoul Gladiator on Sept 15, 2020.
             Slain by a gnoll
             ... wielding a +0 whip
              (5 damage)
             ... on level 2 of the Dungeon.
             The game lasted 00:03:57 (1344 turns).

Borgoz the Ruffian (Ghoul Gladiator)                Turns: 1344, Time: 00:03:57

Health: -4/38      AC:  6    Str: 17    XL:     4   Next: 24%
Magic:  3/3        EV: 11    Int:  4    God:
Gold:   62         SH:  0    Dex: 10    Spells: 3/3 levels left

rFire    . . .     SeeInvis .     - Unarmed
rCold    + . .     Faith    .   (no shield)
rNeg     + + +     Spirit   .   f - +0 ring mail
rPois    ∞         Reflect  .   b - +0 helmet
rElec    .         Harm     .   (no cloak)
rCorr    .                      (no gloves)
MR       .....                  (no boots)
Stlth    ..........             (no amulet)
HPRegen  0.00/turn              (no ring)
MPRegen  0.08/turn              (no ring)

@: no status effects
A: rotting body, claws 1, cold resistance 1, negative energy resistance 3,
inhibited regeneration, torment resistance, unbreathing
a: no special abilities


You were on level 2 of the Dungeon.
You visited 1 branch of the dungeon, and saw 2 of its levels.

You collected 62 gold pieces.

Inventory:

Missiles
 c - 2 throwing nets (quivered)
Armour
 b - a +0 helmet (worn)
 f - a +0 ring mail (worn)
Jewellery
 i - an uncursed ring of wizardry
Wands
 a - a wand of flame (17)
Scrolls
 d - 2 scrolls of remove curse
 h - a scroll of magic mapping {unknown}
Potions
 e - a potion of flight


   Skills:
 + Level 3.0 Fighting
 - Level 1.7 Throwing
 + Level 1.4 Armour
 + Level 3.2 Dodging
 + Level 4.0 Unarmed Combat


You had 3 spell levels left.
You didn't know any spells.
Your spell library was empty.

Dungeon Overview and Level Annotations

Branches:
Dungeon (2/15)

Altars:


Innate Abilities, Weirdness & Mutations

Your body is rotting away.
You thrive by killing the living.
You are immune to poison.
You have sharp fingernails.
Your flesh is cold resistant. (rC+)
You are immune to negative energy. (rN+++)
You do not regenerate when monsters are visible.
You are immune to unholy pain and torment.
You can survive without breathing.


Message History

The hobgoblin struggles against the net.
You scratch the hobgoblin.
The hobgoblin is heavily wounded.
The gnoll closely misses you.
The hobgoblin struggles against the net.
You scratch the hobgoblin.
You kill the hobgoblin!
The gnoll closely misses you.
You scratch the gnoll.
The gnoll is moderately wounded.
You scratch the gnoll but do no damage.
The gnoll is moderately wounded.
The gnoll hits you with a +0 whip!
* * * LOW HITPOINT WARNING * * *
The gnoll hits you from afar with a +0 halberd!
* * * LOW HITPOINT WARNING * * *
Okay, then.
Okay, then.
The gnoll hits you with a +0 whip.
You die...

.......###.#.#########.##.
...
.<...(.........###.........
...
.......###.....##.......#.##
######## ####..##.......#..
.... #................ ....
....######.......# .....
###..#####.......# .....
#.....#).)....# ......
#.@g.#.#### #.....#
##...g...###.....#
#.#####..)).....# #.#
#####.....# #.# ..##.⌠. #.#
.... . ..# ...## ..# ....
.[...


You could see 2 gnolls.

Vanquished Creatures
  A gnoll (D:2)
  An adder (D:2)
  A worm (D:2)
  A dart slug (D:1)
  2 giant cockroaches
  8 hobgoblins
  6 jackals (D:1)
  2 bats (D:1)
  3 frilled lizards (D:1)
  6 goblins
  9 kobolds
  5 rats
45 creatures vanquished.

Notes
Turn   | Place    | Note
-------+----------+-------------------------------------------
     0 | D:1      | Borgoz the Ghoul Gladiator began the quest for the Orb.
     0 | D:1      | Reached XP level 1. HP: 17/17 MP: 0/0
    59 | D:1      | Reached XP level 2. HP: 14/25 MP: 1/1
   609 | D:1      | Reached XP level 3. HP: 30/30 MP: 2/2
   698 | D:1      | Reached skill level 1 in Armour
  1316 | D:2      | Reached XP level 4. HP: 29/37 MP: 3/3
  1327 | D:2      | Reached skill level 4 in Unarmed Combat
  1338 | D:2      | HP: 1/38 [gnoll/+0 halberd (10)]
  1344 | D:2      | Slain by a gnoll

Illustrated notes

Levels and vault maps discovered:
D:1:      erik_arrival_blinker_ship, layout_basic
D:2:      layout_rooms, nicolae_ru_path_of_blood, xom_redecorated

Skill      XL: |  1  2  3  4 |
---------------+-------------+-----
Dodging        | 3 |  3.2
Armour         | 1 |  1.4
Fighting       | 3 |  3.0
Unarmed Combat | 4 |  4.0
Throwing       | |  1.7

Action                   |  1- 3 |  4- 6 || total
-------------------------+-------+-------++-------
Melee: Unarmed           |   142 |    15 ||   157
Throw: Throwing net      |       |     1 ||     1
  Use: Scroll            |     3 |       ||     3
Armor: Leather armour    |    12 |       ||    12
       Ring mail         |    38 |     5 ||    43
Dodge: Dodged            |    78 |    11 ||    89

Table legend: (Time is in decaauts)
 A = Elapsed time spent in this place.
 B = Non-inter-level travel time spent in this place.
 C = Inter-level travel time spent in this place.
 D = Time resting spent in this place.
 E = Time spent auto-exploring this place.
 F = Levels seen in this place.
 G = Mean time per level.
                   A        B        C        D        E       F      G
               +--------+--------+--------+--------+--------+-----+--------+
         Total |   1332 |   1260 |     72 |    178 |    779 |   2 |  666.0 |
       Dungeon |   1332 |   1260 |     72 |    178 |    779 |   2 |  666.0 |
               +--------+--------+--------+--------+--------+-----+--------+

Top non-repeatable levels by time:
     D:1: 1207 daAuts
     D:2: 125 daAuts
